 Dungeon Crawl Stone Soup version 0.29-a0-397-g846e4a0bbc (webtiles) character file.

Game seed: 11401921983295682679

294 mistaj the Skirmisher (level 6, -1/40 HPs)
             Began as a Gargoyle Fighter on May 11, 2022.
             Was an Initiate of Hepliaklqana.
             Slain by an ice beast (12 damage)
             ... on level 3 of the Dungeon.
             The game lasted 00:06:27 (4254 turns).

mistaj the Skirmisher (Gargoyle Fighter)            Turns: 4254, Time: 00:06:28

Health: -1/40      AC: 17    Str: 20    XL:     6   Next: 33%
Magic:  6/6        EV:  7    Int: 10    God:    Hepliaklqana [......]
Gold:   143        SH:  4    Dex:  9    Spells: 5/5 levels left

rFire   . . .      SeeInvis .   a - +0 flail
rCold   . . .      Faith    .   c - +0 buckler
rNeg    + + .      Spirit   .   n - +0 chain mail
rPois   ∞          Reflect  .   v - +0 helmet
rElec   +          Harm     .   (no cloak)
rCorr   .          Rampage  .   j - +0 pair of gloves
Will    .....                   t - +0 pair of boots
Stlth   ..........              (no amulet)
HPRegen 0.13/turn               g - ring of positive energy
MPRegen 0.10/turn               (no ring)

@: no status effects
A: sickness immunity, AC +4, negative energy resistance 1, electricity
resistance, torment resistance 1, petrification resistance
a: Renounce Religion


You were on level 3 of the Dungeon.
You worshipped Hepliaklqana.
Hepliaklqana was noncommittal.
You visited 2 branches of the dungeon, and saw 5 of its levels.

You collected 143 gold pieces.

Inventory:

Hand Weapons
 a - a +0 flail (weapon)
Armour
 c - a +0 buckler (worn)
 j - a +0 pair of gloves (worn)
 n - a +0 chain mail (worn)
 t - a +0 pair of boots (worn)
 v - a +0 helmet (worn)
Jewellery
 g - a ring of positive energy (left hand)
Wands
 w - a wand of polymorph (3)
 x - a wand of acid (4)
Scrolls
 f - 2 scrolls of enchant weapon {unknown}
 h - 3 scrolls of identify
 k - 2 scrolls of teleportation {unknown}
 l - 4 scrolls of magic mapping {unknown}
 m - a scroll of blinking {unknown}
 p - 2 scrolls of amnesia {unknown}
 r - 2 scrolls of noise {unknown}
 s - a scroll of enchant armour {unknown}
 y - a scroll of fear
Potions
 b - a potion of heal wounds
 d - a potion of might
 e - a potion of brilliance
 i - 3 potions of berserk rage
 o - a potion of attraction
 q - a potion of resistance
 u - a potion of lignification {unknown}


   Skills:
 + Level 5.1 Fighting
 - Level 2.2 Maces & Flails
 + Level 5.0 Armour
 + Level 5.0 Shields


You had 5 spell levels left.
You didn't know any spells.
Your spell library contained the following spells:

 Spells                   Type           Power      Damage    Failure   Level
 Summon Small Mammal      Summ           0%         N/A       99%         1
 Blink                    Tloc           0%         N/A       100%        2
 Static Discharge         Conj/Air       0%         N/A       100%        2
 Call Canine Familiar     Summ           0%         N/A       100%        3
 Dazzling Flash           Conj/Hex       0%         N/A       100%        3
 Summon Guardian Golem    Hex/Summ       0%         N/A       100%        3
 Iskenderun's Mystic Bla  Conj/Tloc      0%         2d3       100%        4
 Lightning Bolt           Conj/Air       0%         1d11      100%        5
 Manifold Assault         Tloc           0%         N/A       100%        5
 Starburst                Conj/Fire      0%         6d3       100%        6
 Orb of Destruction       Conj           0%         9d5       100%        7
 Spellforged Servitor     Conj/Summ      0%         N/A       100%        7
 Storm Form               Tmut/Air       0%         N/A       100%        7
 Maxwell's Capacitive Co  Air            0%         ∞         100%        8


Dungeon Overview and Level Annotations

Branches:
Dungeon (4/15)             Temple (1/1) D:4

Altars:
Dithmenos
Fedhas
Gozag
Hepliaklqana
Kikubaaqudgha
Makhleb
Nemelex Xobeh
Ru
Sif Muna
Vehumet
Wu Jian
Yredelemnul
Zin

Shops:
D:3 ?

Annotations:
D:4 Sigmund


Innate Abilities, Weirdness & Mutations

You are immune to sickness and miasma.
Your stone body is resilient. (AC +4)
You are immune to poison.
You resist negative energy. (rN+)
You are resistant to electric shocks. (rElec)
You are resistant to unholy torment.
You are immune to petrification.


Message History

The kobold barely misses you.
You closely miss the kobold.
The kobold is moderately wounded.
The kobold barely misses you.
You barely miss the kobold.
The kobold is moderately wounded.
The kobold closely misses you.
You sock the kobold!
You kill the kobold!
The ice beast hits you but does no damage. x2
You hit the ice beast.
The ice beast is moderately wounded.
The ice beast hits you but does no damage.
You barely miss the ice beast.
The ice beast is moderately wounded.
The ice beast hits you but does no damage.
You closely miss the ice beast.
The ice beast is moderately wounded.
The ice beast hits you. The ice beast freezes you!
You block the ice beast's attack.
You barely miss the ice beast.
The ice beast is moderately wounded.
The ice beast barely misses you.
You closely miss the ice beast.
The ice beast is moderately wounded.
The ice beast hits you but does no damage.
You hit the ice beast but do no damage.
The ice beast is moderately wounded.
The ice beast hits you. The ice beast freezes you! The ice beast hits you.
The ice beast freezes you.
You are too injured to fight recklessly!
You hit the ice beast.
The ice beast is heavily wounded.
The ice beast hits you but does no damage.
You hit the ice beast.
The ice beast is heavily wounded.
The ice beast hits you.
* * * LOW HITPOINT WARNING * * *
The ice beast freezes you!
You die...

###......# #......#
####......# #......[..#
#.##......# #.#<..#)).#
#...#...###############
###'##.................
#...Y@................
#...)#####...########.
#....# #...# #. #....#
#...# ## #....# #...#
#....# #...# #....#
##...####### #....#
#..........# #....#
#..........#


You could see an ice beast.

Vanquished Creatures
  A black bear (D:4)
  An iguana (D:2)
  2 orc wizards
  5 adders
  A worm (D:4)
  A dart slug (D:2)
  7 orcs
  6 endoplasms
  2 giant cockroaches
  9 goblins
  3 hobgoblins
  15 kobolds
  3 quokkas
  10 ball pythons
  2 bats (D:2)
  3 frilled lizards
  4 rats
75 creatures vanquished.

Notes
Turn   | Place    | Note
-------+----------+-------------------------------------------
     0 | D:1      | mistaj the Gargoyle Fighter began the quest for the Orb.
     0 | D:1      | Reached XP level 1. HP: 14/14 MP: 1/1
   355 | D:1      | Reached XP level 2. HP: 18/19 MP: 2/2
   497 | D:1      | You fall into a shaft and drop 1 floor!
   798 | D:1      | Reached XP level 3. HP: 24/24 MP: 3/3
  1145 | D:1      | Found a faded altar of an unknown god.
  1890 | D:2      | Reached XP level 4. HP: 23/29 MP: 4/4
  2413 | D:3      | Reached XP level 5. HP: 27/34 MP: 5/5
  2514 | D:3      | Found Qiydaff's Magic Scroll Shoppe.
  2519 | D:3      | Noticed an ice beast
  3032 | D:4      | Found a shadowy altar of Dithmenos.
  3083 | D:4      | Found a staircase to the Ecumenical Temple.
  3092 | Temple   | Entered the Ecumenical Temple
  3664 | Temple   | Became a worshipper of Hepliaklqana the Forgotten
  3853 | D:4      | Noticed a black bear
  3877 | D:4      | Killed a black bear
  3878 | D:4      | Reached skill level 5 in Fighting
  3878 | D:4      | Reached skill level 5 in Armour
  3878 | D:4      | Reached skill level 5 in Shields
  3878 | D:4      | Reached XP level 6. HP: 16/40 MP: 6/6
  4163 | D:4      | Noticed Sigmund
  4254 | D:3      | Slain by an ice beast

Illustrated notes

Levels and vault maps discovered:
D:1:      sevenhm_arrival_forest_fort_large_2, layout_basic,
          dreamdust_ecumenical_altar_grove, chequers_serial_rivers_micro_d,
          minmay_tall_x
D:2:      layout_basic
D:3:      layout_basic, serial_shops, nicolae_shop_stone, grunt_ministairs_14
D:4:      layout_basic, old_standard_altar, minmay_temple_entry_large_hall,
          serial_glass, glass_columns_a, glass_columns_a, glass_columns_a,
          uniq_sigmund, uniq_eustachio
Temple:   minmay_temple_bridge_abc

Skill      XL: |  1  2  3  4  5 |
---------------+----------------+-----
Armour         | 4 5 |  5.0
Fighting       | 4 5 |  5.1
Shields        | 4 5 |  5.0
Maces & Flails | |  2.2

Action                   |  1- 3 |  4- 6 || total
-------------------------+-------+-------++-------
Melee: Flail             |   124 |   165 ||   289
  Use: Scroll            |       |     6 ||     6
Armor: Scale mail        |    58 |       ||    58
       Chain mail        |    34 |   154 ||   188
Dodge: Dodged            |    55 |    70 ||   125
Block: Buckler           |    16 |    46 ||    62

Table legend: (Time is in decaauts)
 A = Elapsed time spent in this place.
 B = Non-inter-level travel time spent in this place.
 C = Inter-level travel time spent in this place.
 D = Time resting spent in this place.
 E = Time spent auto-exploring this place.
 F = Levels seen in this place.
 G = Mean time per level.
                   A        B        C        D        E       F      G
               +--------+--------+--------+--------+--------+-----+--------+
         Total |   4354 |   4244 |    110 |   1052 |   2024 |   5 |  870.8 |
       Dungeon |   3789 |   3701 |     88 |    750 |   1884 |   4 |  947.2 |
        Temple |    565 |    543 |     22 |    302 |    140 |   1 |  565.0 |
               +--------+--------+--------+--------+--------+-----+--------+

Top non-repeatable levels by time:
     D:1: 1411 daAuts
     D:2: 1012 daAuts
     D:4: 706 daAuts
     D:3: 659 daAuts
  Temple: 565 daAuts
